Map: Orbital Shipyard

Players

GreatBanter - Winner!

  • Race: Zerg Zerg
  • League: Master

Petraeus

  • Race: Zerg Zerg
  • League: Master

Event: NationWars III

VOD

Have the link to the VOD?

Description

Time

  • Played on: Nov. 22, 2015, 4:59 p.m.
  • Length: 9:13

All games in this series

Show
View Real Time Build Order
Export as new Build Order

GreatBanter Zerg - Winner!

Build Orders: Pool First 

Get SALT Encoding   

  12  0:01  Drone  
  13  0:12  Overlord  
  13  0:17  Drone  
  14  0:31  Drone x2  
  14  0:35  Drone  
  17  0:45  Spawning Pool  
  17  0:49  Drone  
  17  1:07  Hatchery  
  17  1:10  Drone  
  17  1:31  Queen  
  17  1:32  Zergling x6  
  22  1:42  Overlord  
  22  2:02  Drone  
  22  2:05  Drone  
  22  2:07  Queen  
  26  2:15  Drone  
  27  2:18  Queen  
  27  2:20  Overlord  
  29  2:28  Drone  
  30  2:34  Drone  
  30  2:37  Drone  
  31  2:40  Drone x3  
  31  2:41  Drone  
  35  2:46  Queen  
  35  2:49  Drone  
  38  2:51  Drone  
  38  2:57  Extractor  
  40  2:59  Extractor  
  40  3:01  Drone, Extractor  
  40  3:03  Overlord  
  39  3:11  Drone, Spine Crawler  
  39  3:13  Drone  
  39  3:14  Drone  
  39  3:15  Drone  
  39  3:19  Drone  
  43  3:23  Drone x2  
  45  3:27  Overlord  
  45  3:29  Drone  
  45  3:31  Drone  
  45  3:37  Drone x2  
  45  3:39  Lair  
  47  3:46  Roach Warren  
  45  3:49  Drone  
  45  3:50  Evolution Chamber  
  45  3:51  Drone  
  46  4:00  Drone x3  
  48  4:10  Hatchery  
  47  4:18  Overlord x2  
  47  4:20  Drone  
  47  4:21  Drone  
  49  4:24  Zerg Missile Weapons Level 1  
  49  4:27  Overlord  
  49  4:31  Overlord  
  49  4:36  Glial Reconstitution  
  49  4:40  Roach x2  
  49  4:43  Roach  
  55  4:45  Overlord  
  55  4:51  Roach  
  59  4:57  Drone  
  59  4:58  Drone x2  
  60  5:09  Ravager x3  
  60  5:10  Overlord  
  60  5:11  Ravager  
  64  5:15  Drone x6  
  70  5:30  Roach x3  
  76  5:37  Roach x5  
  76  5:38  Roach x2  
  76  5:42  Overseer, Roach, Extractor  
  91  5:44  Overlord  
  91  5:47  Drone  
  92  5:52  Roach  
  92  5:55  Drone x2  
  96  6:03  Drone  
  96  6:04  Evolution Chamber  
  96  6:05  Drone  
  96  6:08  Drone  
  96  6:09  Drone x2  
  96  6:10  Drone x2  
  103  6:11  Drone x4  
  103  6:12  Overlord  
  103  6:18  Zerg Missile Weapons Level 2  
  106  6:20  Overlord x2  
  106  6:25  Extractor  
  106  6:26  Overlord x2  
  105  6:35  Hatchery  
  105  6:36  Zerg Ground Armor Level 1  
  105  6:39  Drone x3  
  107  6:42  Ravager x4  
  113  6:47  Roach x2  
  113  6:50  Roach x2  
  113  6:53  Roach  
  121  6:57  Roach x2  
  121  7:00  Overlord  
  127  7:01  Roach x2  
  127  7:04  Overlord x2  
  127  7:06  Roach  
  131  7:09  Roach x3  
  137  7:20  Roach x4  
  137  7:21  Overlord x2  
  145  7:25  Overlord  
  145  7:26  Roach  
  145  7:27  Roach x2  
  151  7:35  Roach x2  
  155  7:46  Roach x2  
  155  7:47  Roach x7  
  155  7:48  Overlord  
  155  7:50  Roach  
  177  7:51  Roach  
  177  7:53  Roach  
  181  7:58  Roach x3  
  185  8:06  Roach x3  
  185  8:10  Roach x3  
  197  8:18  Roach  
  199  8:27  Overseer  
  185  8:49  Roach x5  
  185  8:50  Roach x10  
  185  8:53  Roach x4  
  185  8:54  Roach x3  
Show
View Real Time Build Order
Export as new Build Order

Petraeus Zerg 

Build Orders: Hatch First 

Get SALT Encoding   

  12  0:01  Drone  
  13  0:12  Overlord  
  13  0:17  Drone  
  14  0:31  Drone x2  
  14  0:34  Drone  
  17  0:51  Hatchery  
  17  0:55  Drone  
  17  1:08  Spawning Pool  
  17  1:11  Drone  
  17  1:31  Hatchery  
  16  1:34  Drone  
  16  1:37  Drone  
  18  1:42  Drone  
  18  1:45  Drone  
  20  1:56  Queen  
  20  1:57  Extractor  
  20  2:00  Zergling x2  
  22  2:04  Zergling x2  
  23  2:09  Queen  
  23  2:12  Zergling x2  
  27  2:15  Drone  
  27  2:22  Overlord  
  27  2:25  Drone  
  26  2:39  Drone  
  26  2:40  Queen  
  29  2:46  Queen  
  29  2:50  Drone x2  
  33  2:54  Drone  
  34  3:02  Spine Crawler  
  33  3:06  Drone x2  
  33  3:11  Drone  
  36  3:14  Drone  
  36  3:15  Drone x2  
  36  3:19  Overlord  
  40  3:22  Drone x2  
  42  3:28  Evolution Chamber  
  42  3:31  Roach Warren  
  40  3:35  Drone x2  
  40  3:39  Drone  
  40  3:40  Drone  
  44  3:47  Drone x3  
  47  3:50  Lair  
  47  3:56  Zerg Missile Weapons Level 1  
  47  3:58  Drone x2  
  48  4:03  Extractor x2  
  48  4:04  Drone x2  
  48  4:07  Overlord  
  48  4:12  Drone x2  
  50  4:27  Drone  
  50  4:28  Hatchery  
  50  4:29  Roach x2  
  50  4:30  Roach  
  55  4:40  Roach  
  55  4:43  Overlord x3  
  55  4:45  Drone  
  58  4:47  Glial Reconstitution  
  58  4:49  Overseer  
  58  5:00  Overlord  
  58  5:02  Roach x4  
  58  5:06  Roach  
  69  5:14  Drone x6  
  69  5:21  Drone x4  
  76  5:24  Ravager x2  
  76  5:27  Ravager  
  81  5:34  Overlord  
  81  5:35  Overlord  
  81  5:41  Roach  
  81  5:42  Roach x2  
  87  5:49  Drone  
  88  5:54  Extractor  
  88  5:57  Drone x8  
  88  5:59  Zerg Missile Weapons Level 2  
  88  6:02  Roach x2  
  99  6:16  Roach x2  
  99  6:18  Overlord x4, Extractor  
  103  6:21  Drone  
  103  6:22  Extractor  
  102  6:31  Drone x2  
  104  6:38  Roach x7  
  118  6:40  Hatchery, Ravager x2  
  118  6:42  Drone x4  
  118  6:46  Drone  
  125  6:47  Drone  
  125  6:49  Roach x2  
  129  6:55  Overlord x3  
  129  6:58  Overseer  
  129  7:07  Overlord x2  
  129  7:08  Overlord  
  129  7:14  Roach  
  129  7:15  Roach x5  
  141  7:17  Ravager  
  141  7:18  Ravager x2  
  141  7:22  Roach x3  
  150  7:24  Overseer  
  150  7:27  Ravager  
  150  7:28  Overlord  
  151  7:31  Drone x3  
  151  7:36  Roach x3  
  151  7:37  Roach  
  162  7:39  Roach  
  162  7:40  Roach  
  166  7:44  Roach x3  
  166  7:47  Roach x3  
  172  7:53  Overlord  
  172  7:54  Overlord  
  172  7:55  Drone x2  
  172  7:57  Roach  
  172  7:58  Roach x2  
  180  7:59  Ravager x3  
  182  8:05  Ravager x2  
  182  8:06  Ravager  
  182  8:07  Roach x3  
  182  8:08  Overlord  
  182  8:09  Overlord  
  189  8:19  Roach x2  
  193  8:22  Extractor  
  193  8:23  Drone x3  
  193  8:24  Spine Crawler  
  196  8:34  Roach x3  
  173  8:50  Roach x10  
  173  8:51  Roach x6  
Tags
 
Add a new tag
Caveats
  • Supply blocks, unpowered buildings, or Contaminate may cause inaccurate times.
  • Supply counts are checked every 10 seconds.